AoeStats
← Yorshka

Fortress

508855497Analyzed
4v4 RM · 8d ago on Sep 24, 2026· 49m 7s· 8 players
Game mode
Random Map
Map size
Huge
Population
200
Speed
Normal
Resources
Standard
Victory
Conquest
Starting age
Dark Age
Ending age
Imperial Age
RankedLock teamsTeams togetherTeam positionsShared explorationLock speedFull tech treeHidden civsTurbo modeCheats
Victory
Defeat
🇨🇳 Ethiopians · China
1687
+9
🇨🇳 Maya · China
1605
+12
🇨🇳 Japanese · China
1565
+13
🇨🇳 Hindustanis · China
1471
+17
🇹🇷 Inca · Türkiye
1553
-14
🇹🇼 Romans · Taiwan
1534
-14
🇩🇪 Mongols · Germany
1518
-13
🇫🇷 Slavs · France
1431
-10
Pbeke
6:46 Feudal Age
10:27 Castle Age
9:01 Double-Bit Axe
9:27 Horse Collar
11:21 Bow Saw
11:59 Heavy Plow
13:15 Loom
17:07 Wheelbarrow
18:57 Gold Mining
19:50 Hand Cart
19:34 Stone Mining
21:03 Gold Shaft Mining
21:06 Stone Shaft Mining
21:34 Town Watch
21:46 Fletching
25:40 Imperial Age
23:26 Bodkin Arrow
25:05 Padded Archer Armor
25:49 Ballistics
26:24 Bloodlines
26:20 Thumb Ring
26:31 Leather Archer Armor
26:31 Bracer
27:33 Chemistry
26:35 Onager
28:19 Parthian Tactics
29:26 Masonry
29:16 Elite Mangudai
30:15 Masonry
31:09 Conscription
32:28 Siege Onager
32:34 Siege Onager
33:34 Siege Engineers
37:12 Drill
36:13 Capped Ram
38:27 Hoardings
37:46 Siege Ram
48:03 Caravan
Apep
9:11 Feudal Age
10:09 Horse Collar
13:06 Castle Age
11:07 Double-Bit Axe
14:21 Bow Saw
15:31 Wheelbarrow
15:54 Gold Mining
24:14 Imperial Age
22:01 Elite Skirmisher
23:03 Hand Cart
23:33 Fletching
25:15 Bodkin Arrow
25:50 Padded Archer Armor
26:52 Elite Kamayuk
28:14 Forging
28:33 Bracer
29:05 Conscription
29:41 Squires
30:18 Iron Casting
30:11 Stone Mining
30:38 Scale Mail Armor
32:29 Chain Mail Armor
33:52 Blast Furnace
33:34 Fabric Shields
34:07 Plate Mail Armor
36:33 Masonry
37:03 Hoardings
37:46 Guilds
37:37 Caravan
48:26 Pikeman
elmor
7:11 Feudal Age
10:48 Castle Age
8:57 Double-Bit Axe
9:26 Horse Collar
10:46 Gold Mining
12:48 Bow Saw
15:03 Heavy Plow
15:04 Loom
15:06 Town Watch
20:32 Wheelbarrow
25:27 Hand Cart
28:28 Imperial Age
26:48 Fletching
28:21 Scale Mail Armor
29:02 Ballistics
28:59 Bodkin Arrow
28:33 Heavy Scorpion
30:38 Chemistry
30:31 Forging
30:29 Squires
30:47 Gold Mining
30:59 Man-at-Arms
32:08 Long Swordsman
33:28 Legionary
34:52 Chain Mail Armor
35:12 Iron Casting
41:17 Capped Ram
43:13 Blast Furnace
42:51 Siege Ram
43:37 Light Cavalry
44:28 Bloodlines
44:18 Husbandry
44:28 Scale Barding Armor
46:46 Chain Barding Armor
Tournevis à clou
7:57 Feudal Age
12:19 Castle Age
10:44 Double-Bit Axe
10:41 Horse Collar
20:33 Stone Mining
20:34 Gold Mining
20:34 Loom
21:25 Wheelbarrow
20:35 Town Watch
22:16 Forging
22:12 Scale Barding Armor
22:09 Scale Mail Armor
23:51 Man-at-Arms
24:32 Squires
27:53 Imperial Age
26:23 Iron Casting
26:03 Chain Mail Armor
25:15 Long Swordsman
26:48 Detinets
28:03 Two-Handed Swordsman
29:51 Blast Furnace
29:22 Plate Mail Armor
29:10 Champion
30:55 Druzhina
32:04 Conscription
33:10 Ballistics
33:52 Chemistry
33:13 Ballistics
38:16 Elite Boyar
39:22 Chain Barding Armor
42:21 Caravan
42:52 Coinage
46:01 Pikeman
972770991
8:04 Feudal Age
11:33 Castle Age
9:50 Double-Bit Axe
10:22 Double-Bit Axe
10:40 Horse Collar
14:22 Bow Saw
16:51 Town Watch
17:47 Wheelbarrow
19:11 Hand Cart
18:43 Loom
19:35 Heavy Plow
21:28 Town Patrol
22:29 Gold Mining
22:49 Grand Trunk Road
23:48 Gold Shaft Mining
23:04 Stone Mining
24:27 Husbandry
24:38 Bloodlines
24:53 Scale Barding Armor
25:17 Forging
27:54 Imperial Age
26:03 Chain Barding Armor
27:16 Iron Casting
29:15 Conscription
29:32 Plate Barding Armor
29:21 Conscription
30:03 Blast Furnace
29:18 Heavy Camel Rider
31:02 Fletching
32:09 Imperial Camel Rider
36:05 Ballistics
37:41 Bodkin Arrow
38:31 Light Cavalry
39:50 Hussar
44:42 Bracer
46:48 Caravan
48:55 Two-Man Saw
系色望捏
0:28 Loom
4:01 Loom
7:55 Feudal Age
9:02 Double-Bit Axe
8:58 Horse Collar
11:39 Castle Age
9:45 Horse Collar
12:39 Bow Saw
12:29 Heavy Plow
15:45 Loom
18:13 Gold Mining
19:29 Wheelbarrow
22:13 Scale Mail Armor
23:30 Loom
23:31 Town Watch
23:58 Fletching
24:49 Chain Mail Armor
27:21 Imperial Age
25:14 Forging
28:14 Imperial Age
26:15 Bodkin Arrow
27:44 Squires
27:30 Arson
28:26 Gambesons
29:32 Kataparuto
29:33 Conscription
28:41 Man-at-Arms
28:45 Elite Samurai
29:57 Plate Mail Armor
30:03 Iron Casting
31:18 Iron Casting
31:50 Hand Cart
33:28 Blast Furnace
34:46 Chemistry
33:50 Bracer
34:01 Man-at-Arms
36:15 Two-Man Saw
35:20 Padded Archer Armor
34:59 Long Swordsman
36:15 Yasama
36:42 Guard Tower
37:11 Siege Engineers
37:55 Heavy Cavalry Archer
37:56 Two-Handed Swordsman
39:16 Guard Tower
39:47 Ballistics
42:26 Caravan
44:20 Pikeman
46:10 Keep
45:20 Arrowslits
48:01 Fortified Wall
48:01 Masonry
47:42 Treadmill Crane
47:58 Murder Holes
48:49 Hoardings
Yorshka
6:44 Feudal Age
7:54 Double-Bit Axe
10:43 Castle Age
8:48 Horse Collar
17:36 Wheelbarrow
18:06 Bow Saw
18:12 Heavy Plow
20:15 Gold Mining
21:07 Hand Cart
21:03 Town Watch
21:25 Loom
24:41 Imperial Age
24:49 Gold Shaft Mining
24:04 Stone Mining
26:27 Chemistry
24:48 Onager
26:22 Siege Engineers
26:38 Masonry
26:07 Siege Onager
28:44 Torsion Engines
29:05 Conscription
30:28 Architecture
31:34 Two-Man Saw
33:58 Fletching
34:51 Bodkin Arrow
35:17 Ballistics
36:17 Bracer
36:14 Murder Holes
37:16 Caravan
37:47 Coinage
43:55 Padded Archer Armor
南良千奈
6:59 Feudal Age
8:17 Loom
10:44 Castle Age
8:54 Double-Bit Axe
8:59 Horse Collar
12:37 Bow Saw
13:41 Loom
15:32 Loom
18:04 Wheelbarrow
18:42 Loom
20:58 Gold Mining
24:06 Imperial Age
21:49 Squires
21:55 Scale Mail Armor
21:46 Eagle Warrior
23:17 Chain Mail Armor
24:08 Elite Eagle Warrior
25:27 Plate Mail Armor
26:10 Holcans
26:05 Forging
28:41 Iron Casting
29:30 Hand Cart
29:22 Heavy Plow
31:37 Blast Furnace
31:54 Capped Ram
33:39 Conscription
33:14 Fletching
33:21 Elite Plumed Archer
33:33 Siege Ram
35:30 Bodkin Arrow
37:50 Chemistry
41:22 Ballistics
42:20 Caravan
44:22 Stone Mining
44:35 Onager
47:50 Padded Archer Armor
47:51 Bracer
Connection lost

Rejoining the realm…

Still unreachable

The connection could not be restored.

Session expired

The server has moved on; the page needs a fresh start.